 Dungeon Crawl Stone Soup version 0.30.0-15-g856e2d3f33 (webtiles) character file.

Game seed: 10152749774972288023

113 Diggabert the Conjurer (level 4, -2/25 HPs)
             Began as a Deep Elf Conjurer on May 20, 2023.
             Killed by divine providence
             ... invoked by an orc priest
              (14 damage)
             ... on level 4 of the Dungeon.
             The game lasted 00:10:40 (2879 turns).

Diggabert the Conjurer (Deep Elf Conjurer)          Turns: 2879, Time: 00:10:41

Health: -2/25      AC:  4    Str:  4    XL:     4   Next: 65%
Magic:  2/11       EV: 11    Int: 25    God:
Gold:   200        SH:  8    Dex: 13    Spells: 0/10 levels left

rFire   . . .        c - +0 dagger
rCold   . . .        i - +0 buckler
rNeg    . . .        a - +0 robe
rPois   .            (no helmet)
rElec   .            p - +0 cloak
rCorr   .            (no gloves)
SInv    .            r - +0 pair of boots
Will    .....        e - amulet of reflection
Stlth   ++           (no ring)
HPRegen 0.24/turn    (no ring)
MPRegen 0.12/turn

%: reflection
@: no status effects
A: no striking features
a: no special abilities


You were on level 4 of the Dungeon.
You visited 1 branch of the dungeon, and saw 4 of its levels.

You collected 200 gold pieces.

Inventory:

Hand Weapons
 c - a +0 dagger (weapon)
 s - a +0 spear
Missiles
 m - 5 silver javelins
Armour
 a - a +0 robe (worn)
 i - a +0 buckler (worn)
 l - the +2 robe of the Gate {rPois rCorr Int-2}
   (You found it on level 3 of the Dungeon)

   Int:       It affects your intelligence (-2).
   rPois:     It protects you from poison.
   rCorr:     It protects you from acid and corrosion.
 p - a +0 cloak (worn)
 r - a +0 pair of boots (worn)
Jewellery
 e - an amulet of reflection (around neck)
 g - an amulet of guardian spirit
Scrolls
 f - a scroll of poison {unknown}
 j - 3 scrolls of teleportation {unknown}
 o - a scroll of immolation {unknown}
 t - a scroll of fog {unknown}
 u - a scroll of identify
Potions
 b - a potion of magic
 d - 3 potions of flight
 h - 2 potions of heal wounds
 k - 2 potions of resistance
 n - 2 potions of mutation
 q - a potion of invisibility


   Skills:
 * Level 1.0 Fighting
 * Level 2.8 Dodging
 - Level 2.4 Stealth
 * Level 3.8 Spellcasting
 * Level 6.0 Conjurations
 * Level 0.2 Hexes


You couldn't memorise any spells.
You knew the following spells:

 Your Spells              Type           Power      Damage    Failure   Level
a - Magic Dart            Conj           100%       1d8       1%          1
b - Searing Ray           Conj           68%        2d6       2%          2
c - Dazzling Flash        Conj/Hex       40%        N/A       16%         3
d - Fulminant Prism       Conj/Hex       10%        3d8       45%         4

Your spell library contained the following spells:

 Spells                   Type           Power      Damage    Failure   Level
 Hailstorm                Conj/Ice       19%        3d6       17%         3
 Freeze                   Ice            16%        1d4       19%         1
 Frozen Ramparts          Ice            8%         1d2       50%         3
 Iskenderun's Mystic Bla  Conj/Tloc      19%        2d6       50%         4
 Malign Gateway           Summ/Tloc      2%         N/A       100%        7
 Summon Horrible Things   Summ           2%         N/A       100%        8


Dungeon Overview and Level Annotations

Branches:
Dungeon (4/15)
 Temple: D:4-7

Altars:
Ashenzari

Shops:
D:1 ?


Message History

Aiming: Magic Dart (safe; 1% risk of failure)
Press: ? - help, Q - select action, (/) - cycle Shift-Dir - straight line, f/p - orc priest
Aim: an orc priest, wielding a +0 mace and wearing a +0 chain mail (100% to hit)
The magic dart hits the orc priest but does no damage.
Unknown command.
Aiming: Magic Dart (safe; 1% risk of failure)
Press: ? - help, Q - select action, (/) - cycle Shift-Dir - straight line, f/p - orc priest
Aim: an orc priest, wielding a +0 mace and wearing a +0 chain mail (100% to hit)
The magic dart hits the orc priest but does no damage.
Unknown command.
Aiming: Magic Dart (safe; 1% risk of failure)
Press: ? - help, Q - select action, (/) - cycle Shift-Dir - straight line, f/p - orc priest
Aim: an orc priest, wielding a +0 mace and wearing a +0 chain mail (100% to hit)
The magic dart hits the orc priest.
The orc priest is lightly wounded.
Casting: Magic Dart (safe; 1% risk of failure)
Confirm with . or Enter, or press ? or * to list all spells.
Aiming: Searing Ray (safe; 2% risk of failure)
Press: ? - help, Shift-Dir - straight line, f/p - orc priest
Aim: an orc priest, wielding a +0 mace and wearing a +0 chain mail (lightly wounded, 86% to hit)
The searing ray hits the orc priest.
The orc priest is lightly wounded. (Press . to maintain the ray.)
A kobold comes into view. It is wielding a +0 dagger.
The searing ray misses the orc priest.
The searing ray hits the steam dragon.
The steam dragon is lightly wounded.
The searing ray hits the orc priest!
The orc priest is severely wounded.
The searing ray hits the steam dragon.
The steam dragon is lightly wounded.
You block the orc priest's attack.
The searing ray hits the orc priest.
The orc priest is almost dead.
The searing ray hits the steam dragon!
The steam dragon is moderately wounded.
You finish channelling your searing ray.
The orc priest calls down the wrath of Beogh upon you.
Beogh smites you!
Ouch! That really hurt!
You die...

#### ..# #.# .. .(# ####.### ..
..# .# #......# . ..#####.#
#......# #.#....... #......#
#.#.#...#####......##
...........@.......#
#######.#...#####o..........#
.................D..........D..
...........#.###............##.
.........#.#.###....K..#....#
.....[.....................?#
.###.#.....#.###.......#....#
...........#.# #.............
.#†........#.# #########.


You could see a steam dragon, an orc priest and a kobold.

Vanquished Creatures
  3 adders
  3 gnolls (D:3)
  2 dart slugs
  3 endoplasms
  A giant cockroach (D:3)
  6 goblins
  4 hobgoblins
  7 jackals
  A kobold (D:1)
  2 quokkas
  4 ball pythons
  3 bats (D:1)
  6 frilled lizards
  5 rats
50 creatures vanquished.

Notes
Turn   | Place    | Note
-------+----------+-------------------------------------------
     0 | D:1      | Diggabert the Deep Elf Conjurer began the quest for the
                  | Orb.
     0 | D:1      | Reached XP level 1. HP: 10/10 MP: 6/6
   205 | D:1      | Reached XP level 2. HP: 16/16 MP: 1/8
   438 | D:1      | Learned a level 2 spell: Searing Ray
   755 | D:1      | Found Tonadgh's Magic Scroll Shop.
   826 | D:1      | Reached skill level 5 in Conjurations
  1084 | D:2      | Reached XP level 3. HP: 20/20 MP: 0/9
  1088 | D:2      | Learned a level 3 spell: Dazzling Flash
  1683 | D:2      | Found a faded altar of an unknown god.
  1836 | D:3      | Identified the +2 robe of the Gate {rPois rCorr Int-2}
  2214 | D:3      | Reached XP level 4. HP: 24/24 MP: 6/11
  2219 | D:3      | Learned a level 4 spell: Fulminant Prism
  2275 | D:3      | Found a broken altar of Ashenzari.
  2769 | D:4      | Reached skill level 1 in Fighting
  2769 | D:4      | Reached skill level 6 in Conjurations
  2862 | D:4      | Noticed a steam dragon
  2879 | D:4      | Killed from afar by an orc priest

Illustrated notes

Levels and vault maps discovered:
D:1:      evilmike_arrival_crescent, layout_loops_ring, serial_shops, shop,
          minmay_tall_x
D:2:      layout_loops_cross, shapermc_ecumenical_altar_mp_highgroup
D:3:      layout_loops_ring, mainiacjoe_overflow_chevrons, nicolae_grassy_gnolls
D:4:      layout_basic, marbit_many_paths, minmay_temple_entry_proselytizer

Skill      XL: |  1  2  3  4 |
---------------+-------------+-----
Conjurations   | 5 6 |  6.0
Fighting       | 1 |  1.0
Dodging        | |  2.8
Stealth        | |  2.4
Spellcasting   | |  3.8
Hexes          | |  0.2

Action                     |  1- 3 |  4- 6 || total
---------------------------+-------+-------++-------
  Melee: Dagger            |     2 |       ||     2
   Cast: Magic Dart        |    55 |    16 ||    71
         Searing Ray       |     8 |     5 ||    13
    Use: Scroll            |     6 |       ||     6
  Dodge: Dodged            |     2 |     1 ||     3
  Block: Buckler           |     3 |     1 ||     4
